 Dungeon Crawl Stone Soup version 0.31-a0-1278-g11c5b68f87 (webtiles) character file.

Game seed: 6474978043848397945

3743 mopl the Cleaver (level 9, -2/71 HPs)
             Began as a Demonspawn Fighter on Dec 17, 2023.
             Killed by divine providence
             ... invoked by an orc priest
              (11 damage)
             ... on level 8 of the Dungeon.
             The game lasted 00:06:34 (6917 turns).

mopl the Cleaver (Demonspawn Fighter)               Turns: 6917, Time: 00:06:35

Health: -2/71      AC: 18    Str: 20    XL:     9   Next: 93%
Magic:  9/9        EV: 11    Int:  9    God:
Gold:   528        SH: 12    Dex: 13    Spells: 8/8 levels left

rFire   . . .        a - +0 war axe
rCold   . . .        c - +0 kite shield
rNeg    . . .        J - +0 plate armour
rPois   .            (no helmet)
rElec   .            (no cloak)
rCorr   .            (no gloves)
SInv    +            (no boots)
Will    .....        B - amulet of faith {!P} Stlth
                     k - ring of see invisible
HPRegen 0.31/turn    H - +5 ring of evasion
MPRegen 0.11/turn

%: faith
@: mighty, studying Polearms
A: yellow scales 1, icemail 1, condensation shield, demonic touch 1
a: no special abilities


You were on level 8 of the Dungeon.
You visited 2 branches of the dungeon, and saw 9 of its levels.

You collected 528 gold pieces.

Inventory:

Hand Weapons
 a - a +0 war axe (weapon)
 p - a +1 scythe of flaming
 I - a +0 battleaxe
Missiles
 y - 31 poisoned darts
 E - 8 boomerangs
 K - a curare-tipped dart
Armour
 b - a +0 scale mail
 c - a +0 kite shield (worn)
 w - the +2 leather armour of the Ditch-Digger {rN+++ rCorr MP+9 Str+2 Int-4}
   (You found it on level 5 of the Dungeon)

   Str+2:     It affects your strength (+2).
   Int-4:     It affects your intelligence (-4).
   rN+++:     It renders you almost immune to negative energy.
   MP+9:      It affects your magic capacity (+9).
   rCorr:     It protects you from acid and corrosion.
 J - a +0 plate armour (worn)
Magical Staves
 x - a staff of poison
Jewellery
 k - a ring of see invisible (left hand)
 B - an amulet of faith (around neck) {!P}
 H - a +5 ring of evasion (right hand)
Wands
 G - a wand of roots (6)
Scrolls
 e - a scroll of poison {unknown}
 h - 2 scrolls of immolation {unknown}
 j - 8 scrolls of identify {unknown}
 l - 2 scrolls of noise {unknown}
 m - 2 scrolls of vulnerability {unknown}
 o - 2 scrolls of revelation {unknown}
 q - a scroll of torment {unknown}
 t - a scroll of amnesia {unknown}
 A - 2 scrolls of fear {unknown}
 C - a scroll of fog {unknown}
 F - a scroll of brand weapon {unknown}
 L - a scroll of teleportation {unknown}
Potions
 f - 3 potions of enlightenment {unknown}
 g - a potion of ambrosia {unknown}
 i - 4 potions of curing {unknown}
 n - 3 potions of degeneration {unknown}
 r - 2 potions of heal wounds {unknown}
 s - 2 potions of resistance {unknown}
 u - 2 potions of mutation {unknown}
 v - a potion of haste {unknown}
 z - 2 potions of brilliance {unknown}
 D - a potion of experience {unknown}


   Skills:
 + Level 6.9 Fighting
 * Level 8.2 Axes
 + Level 2.1 Throwing
 + Level 6.2 Armour
 + Level 5.4 Dodging
 - Level 2.6 Shields
 + Level 2.3 Evocations


You had 8 spell levels left.
You didn't know any spells.
Your spell library contained the following spells:

 Spells                   Type           Power      Damage    Failure   Level
 Cigotuvi's Dreadful Rot  Necr/Pois/Air  0%         N/A       100%        2
 Poisonous Vapours        Pois/Air       0%         N/A       100%        2
 Inner Flame              Hex/Fire       0%         N/A       100%        3
 Mephitic Cloud           Conj/Pois/Air  0%         N/A       100%        3
 Olgreb's Toxic Radiance  Pois           0%         N/A       100%        4
 Alistair's Intoxication  Tmut/Pois      0%         N/A       100%        5
 Freezing Cloud           Conj/Ice/Air   0%         6-21      100%        5
 Yara's Violent Unravell  Hex/Tmut       0%         3d3       100%        5
 Starburst                Conj/Fire      0%         6d3       100%        6
 Enfeeble                 Hex            0%         N/A       100%        7


Dungeon Overview and Level Annotations

Branches:
Dungeon (8/15)             Temple (1/1) D:7
   Lair: D:8-11

Altars:
Ashenzari
Cheibriados
Dithmenos
Fedhas
Gozag
Hepliaklqana
Kikubaaqudgha
Nemelex Xobeh
Okawaru
Qazlal
Ru
Sif Muna
Uskayaw
Vehumet
Wu Jian
Xom
Yredelemnul

Annotations:
D:1 dig
D:7 3 runed translucent doors, KimchiStew's ghost, novice HuWn


Innate Abilities, Weirdness & Mutations

You are partially covered in yellow scales. (AC +2)
A meltable icy envelope protects you from harm. (AC +4)
A meltable shield of frost defends you. (SH +4)
Your touch may inflict minor irresistible damage on your foes.


Message History

You are too injured to fight recklessly!
You are too injured to fight recklessly!
You are too injured to fight recklessly!
You are too injured to fight recklessly!
You are too injured to fight recklessly!
You are too injured to fight recklessly!
You are too injured to fight recklessly!
You are too injured to fight recklessly!
You are too injured to fight recklessly!
Unknown command.
Okay, then.
You feel very mighty all of a sudden.
You block the skeletal warrior's attack.
You barely miss the skeletal warrior.
You block the skeletal warrior's attack.
You closely miss the skeletal warrior.
You block the skeletal warrior's attack. x2
You barely miss the skeletal warrior.
The skeletal warrior hits you with a +0 flail.
You hit the skeletal warrior.
The skeletal warrior is lightly damaged.
The skeletal warrior hits you with a +0 flail!
You hit the skeletal warrior but do no damage.
The skeletal warrior is lightly damaged.
You block the skeletal warrior's attack.
The skeletal warrior hits you with a +0 flail!
* * * LOW HITPOINT WARNING * * *
You hit the skeletal warrior.
The skeletal warrior is lightly damaged.
The skeletal warrior hits you with a +0 flail.
* * * LOW HITPOINT WARNING * * *
You slash the skeletal warrior!
The skeletal warrior is lightly damaged.
You block the skeletal warrior's attack.
You hit the skeletal warrior.
The skeletal warrior is moderately damaged.
The skeletal warrior completely misses you.
The orc priest mumbles some strange prayers to Beogh against you.
Beogh smites you!
You die...

#.## ♣♣....♣.♣.)..♣♣ #..# ###
######.###### ### #..#♣♣.♣♣
♣♣♣♣♣♣♣.♣♣♣♣♣♣♣ ♣♣.♣
#..#♣.≈.♣#♣.............♣#♣...
#..#.≈≈≈.#♣.♣♣♣♣♣♣♣♣♣♣♣.♣#.#'#
#..#.≈≈≈.#♣.♣.........♣.♣#.#.#
#..#.≈≈≈.#♣.♣.♣♣♣♣♣♣♣.♣.♣#.#.#
#..#.≈~≈.#♣.♣.# ♣.♣.♣#.#.#
#..#♣[≈~♣#♣.♣@# ♣.♣.♣#.#)#
#...)≈~≈.)..♣z# ♣.♣....#.#
#..#♣~≈~♣#♣.♣o# ♣.♣.♣#.#.#
#..#.≈~≈.#♣.♣.. ♣.♣.♣#.#.#
#..#.≈≈≈.#♣.♣♣♣♣♣♣♣♣♣.♣^♣#.#.#
#..#.≈≈≈.#♣...........♣.♣#.#.#
#..#.≈≈≈.#♣♣♣♣♣♣♣♣♣♣♣♣♣.♣#.#'#
#..#♣.≈.♣# ..♣#♣... #.. ♣♣.♣♣
♣♣♣ ♣♣.♣


You could see a skeletal warrior and an orc priest (reflecting).

Vanquished Creatures
  A troll (D:8)
  Grinder (D:5)
  Sigmund (D:3)
  Menkaure (D:5)
  2 water moccasins
  A black bear (D:5)
  A sky beast (D:6)
  3 orc warriors
  An ogre (D:7)
  2 centaurs
  A phantom (D:6)
  3 kobold brigands
  A gnoll sergeant (D:8)
  2 bullfrogs
  7 scorpions
  A wyvern zombie (D:7)
  4 wights
  7 howler monkeys
  A centaur zombie (D:7)
  4 orc priests
  3 hounds
  4 jellies
  2 iguanas
  4 orc wizards
  9 adders
  A shadow imp (D:8)
  3 white imps
  2 ufetubi (D:5)
  2 dart slugs
  21 orcs
  3 ball pythons
  3 bats
  7 endoplasms
  2 giant cockroaches
  8 hobgoblins
  4 jackals (D:5)
  2 quokkas
  6 frilled lizards
  8 goblins
  19 kobolds
  4 rats
162 creatures vanquished.

Notes
Turn   | Place    | Note
-------+----------+-------------------------------------------
     0 | D:1      | mopl the Demonspawn Fighter began the quest for the Orb.
     0 | D:1      | Reached XP level 1. HP: 18/18 MP: 1/1
   100 | D:1      | Reached skill level 2 in Axes
   143 | D:1      | Got Plog's Omnibus of the Flammable Scorpion
   225 | D:1      | Gained mutation: A meltable shield of frost defends you.
                  | (SH +4) [demonic ancestry]
   225 | D:1      | Reached XP level 2. HP: 23/24 MP: 2/2
   556 | D:2      | Reached skill level 3 in Armour
   556 | D:2      | Reached skill level 1 in Dodging
   556 | D:2      | Reached XP level 3. HP: 7/29 MP: 3/3
   700 | D:2      | Found an opulent altar of Gozag.
  1413 | D:3      | Noticed Sigmund
  1427 | D:3      | Killed Sigmund
  1428 | D:3      | Reached skill level 3 in Axes
  1428 | D:3      | Reached skill level 2 in Dodging
  1428 | D:3      | Gained mutation: Your touch may inflict minor irresistible
                  | damage on your foes. [demonic ancestry]
  1428 | D:3      | Reached XP level 4. HP: 5/37 MP: 4/4
  1428 | D:3      | Gained mutation: A meltable icy envelope protects you from
                  | harm. (AC +4) [demonic ancestry]
  1428 | D:3      | Reached XP level 5. HP: 6/42 MP: 5/5
  1596 | D:3      | Reached skill level 4 in Fighting
  1602 | D:3      | HP: 1/42 [orc priest/divine providence (13)]
  1604 | D:3      | Reached XP level 6. HP: 1/48 MP: 6/6
  1944 | D:3      | Reached skill level 4 in Axes
  2327 | D:3      | Found a shadowy altar of Dithmenos.
  2876 | D:4      | Reached skill level 4 in Armour
  2880 | D:4      | Gained mutation: You are partially covered in yellow
                  | scales. (AC +2) [demonic ancestry]
  2880 | D:4      | Reached XP level 7. HP: 55/55 MP: 7/7
  3421 | D:5      | Entered Level 5 of the Dungeon
  3430 | D:5      | Identified the +2 leather armour of the Ditch-Digger {rN+++
                  | rCorr MP+9 Str+2 Int-4}
  3506 | D:5      | Reached skill level 5 in Axes
  3506 | D:5      | Reached skill level 3 in Dodging
  3659 | D:5      | Noticed Grinder
  3665 | D:5      | Paralysed by Grinder for 3 turns
  3673 | D:5      | Paralysed by Grinder for 2 turns
  3678 | D:5      | Killed Grinder
  3679 | D:5      | Reached skill level 5 in Fighting
  3754 | D:5      | Found an opulent altar of Gozag.
  3785 | D:5      | Reached XP level 8. HP: 56/62 MP: 8/8
  4093 | D:5      | Noticed Menkaure
  4100 | D:5      | Killed Menkaure
  4101 | D:5      | Reached skill level 6 in Axes
  4247 | D:5      | Reached skill level 5 in Armour
  4247 | D:5      | Reached skill level 4 in Dodging
  4311 | D:5      | Found a hide-covered altar of Uskayaw.
  4869 | D:6      | Reached skill level 6 in Fighting
  4999 | D:6      | Reached skill level 7 in Axes
  5001 | D:6      | Reached XP level 9. HP: 63/69 MP: 9/9
  5761 | D:7      | Found an ornate altar of the Wu Jian Council.
  5808 | D:7      | Found a staircase to the Ecumenical Temple.
  5898 | Temple   | Entered the Ecumenical Temple
  5942 | D:7      | Found a runed translucent gate.
  5942 | D:7      | Found a runed translucent gate.
  5942 | D:7      | Found a runed translucent gate.
  5942 | D:7      | Noticed KimchiStew's ghost (novice HuWn)
  5944 | D:7      | Found a basalt altar of Yredelemnul.
  5959 | D:7      | Reached skill level 5 in Dodging
  5959 | D:7      | Reached skill level 1 in Evocations
  5965 | D:7      | Reached skill level 1 in Throwing
  6111 | D:7      | Found a shimmering blue altar of Sif Muna.
  6406 | D:8      | Reached skill level 6 in Armour
  6618 | D:8      | Reached skill level 8 in Axes
  6618 | D:8      | Reached skill level 2 in Evocations
  6650 | D:8      | Noticed a troll
  6667 | D:8      | Killed a troll
  6668 | D:8      | Reached skill level 2 in Throwing
  6906 | D:8      | Noticed a skeletal warrior
  6917 | D:8      | Killed from afar by an orc priest

Illustrated notes

Levels and vault maps discovered:
D:1:      minmay_arrival_glassed_features, layout_rooms
D:2:      layout_basic, basic_altar, minmay_tromino_v2
D:3:      layout_basic, mainiacjoe_overflow_six_doors_small,
          mainiacjoe_overflow_alcove_4, nicolae_hexahallways,
          minmay_fractal_squares_gapless_5, uniq_sigmund
D:4:      layout_rooms, kennysheep_big_empty_room, guppyfry_early_orc_mine
D:5:      layout_basic, nicolae_gozag_cash_rules_everything_around_me,
          nicolae_overflow_hidden_temple, minmay_fractal_squares_diagonal_5,
          uniq_grinder, uniq_menkaure
D:6:      layout_gridville, dreamdust_princess_corridor,
          minmay_misc_feat_square, minmay_manual_mandibuliform
D:7:      layout_loops_ring, nicolae_sif_muna_condensation, lemuel_tele_altar,
          nicolae_yredelemnul_ghost_church, minmay_temple_entry_proselytizer
D:8:      nzn_winding_woodlands_cross [nzn_winding_woodlands_5x15_lazy_stream,
          nzn_winding_woodlands_5x15_river_crossing,
          nzn_winding_woodlands_5x15_longhouse,
          nzn_winding_woodlands_5x15_parted,
          nzn_winding_woodlands_15x15_boxy_spiral], layout_basic,
          david_lair_generic
Temple:   nicolae_temple_bog_church

Skill      XL: |  1  2  3  4  5  6  7  8  9 |
---------------+----------------------------+-----
Axes           | 2 3 4 5 7 8 |  8.2
Armour         | 3 4 5 6 |  6.2
Dodging        | 1 2 3 4 5 |  5.4
Fighting       | 4 5 6 |  6.9
Evocations     | 2 |  2.3
Throwing       | 2 |  2.1
Shields        | |  2.6

Action                     |  1- 3 |  4- 6 |  7- 9 || total
---------------------------+-------+-------+-------++-------
  Melee: War axe           |   126 |   110 |   468 ||   704
    Use: Potion            |       |       |     1 ||     1
 Armour: Scale mail        |    69 |    66 |   254 ||   389
         Plate armour      |       |       |   102 ||   102
  Dodge: Dodged            |    45 |    32 |   182 ||   259
  Block: Kite shield       |    80 |   105 |   374 ||   559
         Buckler           |     2 |       |       ||     2

Table legend: (Time is in decaauts)
 A = Elapsed time spent in this place.
 B = Non-inter-level travel time spent in this place.
 C = Inter-level travel time spent in this place.
 D = Time resting spent in this place.
 E = Time spent auto-exploring this place.
 F = Levels seen in this place.
 G = Mean time per level.
                   A        B        C        D        E       F      G
               +--------+--------+--------+--------+--------+-----+--------+
         Total |   7179 |   6970 |    209 |   1373 |   4036 |   9 |  797.7 |
       Dungeon |   7177 |   6969 |    208 |   1373 |   4036 |   8 |  897.1 |
        Temple |      1 |      1 |      0 |      0 |      0 |   1 |    1.0 |
               +--------+--------+--------+--------+--------+-----+--------+

Top non-repeatable levels by time:
     D:3: 1259 daAuts
     D:5: 1206 daAuts
     D:7: 1197 daAuts
     D:4: 961 daAuts
     D:2: 812 daAuts
     D:8: 646 daAuts
     D:6: 575 daAuts
     D:1: 518 daAuts
  Temple: 1 daAuts
